 Dungeon Crawl Stone Soup version 0.21.1-1-g345015f (webtiles) character file.

763 tidbits the Grave Robber (level 7, -1/51 HPs)
             Began as a Gnoll Necromancer on June 20, 2018.
             Was an Initiate of Cheibriados.
             Slain by an ice beast (5 damage)
             ... on level 8 of the Dungeon.
             The game lasted 00:09:45 (885 turns).

tidbits the Grave Robber (Gnoll Necromancer)         Turns: 885, Time: 00:09:45

Health: -1/51      AC:  2    Str: 11    XL:     7   Next: 81%
Magic:  2/15       EV: 15    Int: 20    God:    Cheibriados [......]
Gold:   118        SH:  0    Dex: 17    Spells: 4/17 levels left

rFire    . . .     SeeInvis .   a - +4 falchion
rCold    . . .     Gourm    .   (no shield)
rNeg     . . .     Faith    .   f - +0 robe
rPois    .         Spirit   .   (no helmet)
rElec    .         Reflect  .   (no cloak)
rCorr    .         Harm     .   (no gloves)
MR       .....                  (no boots)
Stlth    +++.......             (no amulet)
HPRegen  0.17/turn              n - ring of wizardry
MPRegen  0.14/turn              (no ring)

@: flying, very slightly contaminated, very slow
A: distributed training, fangs 1, strong nose
a: Bend Time, Renounce Religion


You were on level 8 of the Dungeon.
You worshipped Cheibriados.
Cheibriados was noncommittal.
You were hungry.

You visited 2 branches of the dungeon, and saw 9 of its levels.

You collected 118 gold pieces.

Inventory:

Hand Weapons
 a - a +4 falchion (weapon)
 e - a +0 short sword
 j - a +0 glaive
 k - a +0 dagger
 t - a +0 war axe
 v - a +0 short sword of protection
   (You took it off an orc on level 4 of the Dungeon)
Missiles
 o - 10 arrows
Armour
 f - a +0 robe (worn)
Jewellery
 n - a ring of wizardry (left hand)
   (You found it on level 2 of the Dungeon)
 p - an uncursed ring of flight
   (You found it on level 3 of the Dungeon)
 r - an uncursed ring of loudness
   (You found it on level 4 of the Dungeon)
Scrolls
 d - a scroll of teleportation {unknown}
 g - a scroll of blinking {unknown}
 l - 3 scrolls of identify {unknown}
 s - a scroll of remove curse
 u - a scroll of fog {unknown}
 w - a scroll of enchant weapon {unknown}
Books
 b - a book of Necromancy

   Spells                             Type                      Level
   a - Pain                           Necromancy                   1
   b - Animate Skeleton               Necromancy                   1
   c - Vampiric Draining              Necromancy                   3
   d - Regeneration                   Charms/Necromancy            3
   e - Animate Dead                   Necromancy                   4
   f - Borgnjor's Vile Clutch         Necromancy/Earth             5
 x - a book of Misfortune
   (You found it on level 6 of the Dungeon)

   Spells                             Type                      Level
   a - Confusing Touch                Hexes                        1
   b - Confuse                        Hexes                        3
   c - Gell's Gravitas                Translocation                3
   d - Petrify                        Transmutation/Earth          4
   e - Metabolic Englaciation         Hexes/Ice                    5
   f - Yara's Violent Unravelling     Hexes/Transmutation          5
Comestibles
 c - 5 rations


   Skills:
 + Level 2.6 Fighting
 + Level 2.6 Short Blades
 + Level 2.6 Long Blades
 + Level 2.6 Axes
 + Level 2.6 Maces & Flails
 + Level 2.6 Polearms
 + Level 2.6 Staves
 + Level 2.6 Slings
 + Level 2.6 Bows
 + Level 2.6 Crossbows
 + Level 2.6 Throwing
 + Level 2.6 Armour
 + Level 5.3 Dodging
 + Level 5.0 Stealth
 + Level 2.6 Shields
 + Level 2.6 Unarmed Combat
 + Level 5.7 Spellcasting
 + Level 2.1 Conjurations
 + Level 2.1 Hexes
 + Level 2.1 Charms
 + Level 2.1 Summonings
 + Level 7.4 Necromancy
 + Level 2.1 Translocations
 + Level 2.1 Transmutations
 + Level 2.1 Fire Magic
 + Level 2.1 Ice Magic
 + Level 2.1 Air Magic
 + Level 2.1 Earth Magic
 + Level 2.1 Poison Magic
 + Level 3.0 Invocations
 + Level 2.6 Evocations


You had 4 spell levels left.
You knew the following spells:

 Your Spells              Type           Power        Failure   Level  Hunger
a - Pain                  Necr           ####         1%          1    None
d - Vampiric Draining     Necr           #####.....   1%          3    ##.....
n - Animate Skeleton      Necr           N/A          1%          1    None
r - Regeneration          Chrm/Necr      ####......   1%          3    ##.....
v - Borgnjor's Vile Clut  Necr/Erth      ####......   16%         5    #####..


Dungeon Overview and Level Annotations

Branches:
Dungeon (8/15)             Temple (1/1) D:4
   Lair: D:8-11

Altars:
Cheibriados
Elyvilon
Fedhas
Gozag
Okawaru
Qazlal
Sif Muna
Trog
Wu Jian
Xom
Lugonu


Innate Abilities, Weirdness & Mutations

Your experience applies equally to all skills.
You have very sharp teeth.
Your uncanny sense of smell can sniff out nearby items.


Message History

Your Air Magic skill increases to level 2!
Your Earth Magic skill increases to level 2!
Your Poison Magic skill increases to level 2!
You see here a book of Misfortune.
x - a book of Misfortune
Okay, then.
You see here 20 gold pieces.
You now have 118 gold pieces (gained 20).
There is a stone staircase leading down here.
You climb downwards.
Found a stone staircase leading down.
There is a stone staircase leading up here.
Casting: Regeneration
Confirm with . or Enter, or press ? or * to list all spells.
You miscast Regeneration.
You are very lightly contaminated with residual magic.
Pain shoots through your body.
There is a stone staircase leading down here.
You climb downwards.
There is a stone staircase leading up here.
Unknown command.
Found 23 stones.
A hippogriff comes into view.
Casting: Regeneration
Confirm with . or Enter, or press ? or * to list all spells.
Your skin crawls.
The hippogriff screeches!
Casting: Regeneration
Confirm with . or Enter, or press ? or * to list all spells.
Aiming: Borgnjor's Vile Clutch
Press: ? - help, Dir - move target cursor, f - hippogriff
Aim: a hippogriff Decaying hands burst forth from the earth!
Zombie hands grab the hippogriff.
The zombie hands constrict the hippogriff!
The hippogriff bites you! The hippogriff pecks you! The hippogriff claws you.
An ice beast comes into view.
Unknown command.
You slash the hippogriff!
The hippogriff is heavily wounded.
The zombie hands constrict the hippogriff!
The hippogriff completely misses you. The hippogriff closely misses you.
The hippogriff claws you.
You hit the hippogriff.
The hippogriff is severely wounded.
The zombie hands constrict the hippogriff!
The hippogriff completely misses you. The hippogriff closely misses you.
The hippogriff misses you.
You hit the hippogriff.
The hippogriff is almost dead.
The zombie hands constrict the hippogriff.
You kill the hippogriff!
Cheibriados thoroughly appreciates the change of pace.
Your Stealth skill increases to level 5!
Your Invocations skill increases to level 3!
The ice beast hits you. The ice beast freezes you!
* * * LOW HITPOINT WARNING * * *
It was a potion of cancellation.
Your magical effects are unravelling.
You feel magically purged.
Your magical contamination has completely faded away.
Your skin stops crawling.
The ice beast misses you.
Casting: Borgnjor's Vile Clutch
Confirm with . or Enter, or press ? or * to list all spells.
Aiming: Borgnjor's Vile Clutch
Press: ? - help, Dir - move target cursor, f - ice beast
Aim: an ice beast You miscast Borgnjor's Vile Clutch.
You are very lightly contaminated with residual magic.
You feel momentarily lethargic.
You are feeling hungry.
The ice beast barely misses you.
You riposte.
You slash the ice beast! You bite the ice beast.
The ice beast is moderately wounded.
It was a potion of flight.
You feel very buoyant.
You fly up into the air.
The ice beast misses you.
It was a potion of curing.
You feel better. The ice beast hits you. The ice beast freezes you!
* * * LOW HITPOINT WARNING * * *
You hit the ice beast.
The ice beast is moderately wounded.
The ice beast misses you.
You hit the ice beast.
The ice beast is heavily wounded.
The ice beast barely misses you. The ice beast hits you.
* * * LOW HITPOINT WARNING * * *
The ice beast freezes you!
* * * LOW HITPOINT WARNING * * *
You aren't carrying any potions.
Unknown command.
As you read the scroll labeled RUULOL WOISE, it crumbles to dust.
You hear a loud clanging noise!
It was a scroll of noise.
You hear a shout! x4
The ice beast hits you.
* * * LOW HITPOINT WARNING * * *
The ice beast freezes you.
You die...

... #.#.# ..#.#
#.#.# ##.#.## .....
##########.#.#
#......<..@#.######
#.#####....Y†......
######.###### .(.
#### ∆ ∆


You could see an ice beast.

Vanquished Creatures
  A hippogriff (D:8)
  An orc warrior (D:6)
  2 bullfrogs
  2 scorpions (D:5)
  2 orc priests
  4 orc wizards
  2 worker ants (D:4)
  An adder (D:4)
  An adder skeleton (D:4)
  A worm (D:5)
  2 leopard geckos (D:1)
  9 orcs
  3 bats (D:1)
  4 goblins
  3 hobgoblins (D:2)
  2 kobolds
  A quokka (D:4)
  A frilled lizard (D:2)
  A jackal skeleton (D:4)
  6 rats
49 creatures vanquished.

Notes
Turn   | Place    | Note
-------+----------+-------------------------------------------
     0 | D:1      | tidbits the Gnoll Necromancer began the quest for the Orb.
     0 | D:1      | Reached XP level 1. HP: 13/13 MP: 6/6
    18 | D:1      | Found an iron altar of Okawaru.
    65 | D:1      | Reached XP level 2. HP: 5/19 MP: 3/7
   125 | D:1      | Learned a level 1 spell: Animate Skeleton
   166 | D:2      | Found a deep blue altar of Sif Muna.
   230 | D:3      | Reached XP level 3. HP: 3/25 MP: 3/9
   235 | D:3      | Learned a level 3 spell: Regeneration
   240 | D:3      | Learned a level 3 spell: Vampiric Draining
   263 | D:3      | Found an ornate altar of the Wu Jian Council.
   277 | D:3      | Noticed a bullfrog
   287 | D:3      | Killed a bullfrog
   287 | D:3      | Reached skill level 1 in Fighting
   287 | D:3      | Reached skill level 1 in Short Blades
   287 | D:3      | Reached skill level 1 in Long Blades
   287 | D:3      | Reached skill level 1 in Axes
   287 | D:3      | Reached skill level 1 in Maces & Flails
   287 | D:3      | Reached skill level 1 in Polearms
   287 | D:3      | Reached skill level 1 in Staves
   287 | D:3      | Reached skill level 1 in Slings
   287 | D:3      | Reached skill level 1 in Bows
   287 | D:3      | Reached skill level 1 in Crossbows
   287 | D:3      | Reached skill level 1 in Throwing
   287 | D:3      | Reached skill level 1 in Armour
   287 | D:3      | Reached skill level 1 in Shields
   287 | D:3      | Reached skill level 1 in Unarmed Combat
   287 | D:3      | Reached skill level 5 in Spellcasting
   287 | D:3      | Reached skill level 1 in Invocations
   287 | D:3      | Reached skill level 1 in Evocations
   287 | D:3      | Reached XP level 4. HP: 20/32 MP: 0/11
   326 | D:4      | Reached skill level 1 in Conjurations
   326 | D:4      | Reached skill level 1 in Hexes
   326 | D:4      | Reached skill level 1 in Charms
   326 | D:4      | Reached skill level 1 in Summonings
   326 | D:4      | Reached skill level 1 in Translocations
   326 | D:4      | Reached skill level 1 in Transmutations
   326 | D:4      | Reached skill level 1 in Fire Magic
   326 | D:4      | Reached skill level 1 in Ice Magic
   326 | D:4      | Reached skill level 1 in Air Magic
   326 | D:4      | Reached skill level 1 in Earth Magic
   326 | D:4      | Reached skill level 1 in Poison Magic
   381 | D:4      | Reached XP level 5. HP: 35/37 MP: 7/12
   388 | D:4      | Learned a level 5 spell: Borgnjor's Vile Clutch
   394 | D:5      | Entered Level 5 of the Dungeon
   513 | D:5      | Found a stormy altar of Qazlal.
   568 | D:5      | Reached skill level 2 in Invocations
   568 | D:5      | Reached XP level 6. HP: 24/44 MP: 2/13
   598 | D:4      | Reached skill level 5 in Dodging
   623 | D:4      | Found a staircase to the Ecumenical Temple.
   639 | Temple   | Entered the Ecumenical Temple
   657 | Temple   | Became a worshipper of Cheibriados the Contemplative
   790 | D:6      | Noticed an orc warrior
   794 | D:6      | Reached skill level 2 in Fighting
   794 | D:6      | Reached skill level 2 in Short Blades
   794 | D:6      | Reached skill level 2 in Long Blades
   794 | D:6      | Reached skill level 2 in Axes
   794 | D:6      | Reached skill level 2 in Maces & Flails
   794 | D:6      | Reached skill level 2 in Polearms
   794 | D:6      | Reached skill level 2 in Staves
   794 | D:6      | Reached skill level 2 in Slings
   794 | D:6      | Reached skill level 2 in Bows
   794 | D:6      | Reached skill level 2 in Crossbows
   794 | D:6      | Reached skill level 2 in Throwing
   794 | D:6      | Reached skill level 2 in Armour
   794 | D:6      | Reached skill level 2 in Shields
   794 | D:6      | Reached skill level 2 in Unarmed Combat
   794 | D:6      | Reached skill level 2 in Evocations
   799 | D:6      | Killed an orc warrior
   799 | D:6      | Reached XP level 7. HP: 35/50 MP: 7/15
   843 | D:6      | Reached skill level 2 in Conjurations
   843 | D:6      | Reached skill level 2 in Hexes
   843 | D:6      | Reached skill level 2 in Charms
   843 | D:6      | Reached skill level 2 in Summonings
   843 | D:6      | Reached skill level 2 in Translocations
   843 | D:6      | Reached skill level 2 in Transmutations
   843 | D:6      | Reached skill level 2 in Fire Magic
   843 | D:6      | Reached skill level 2 in Ice Magic
   843 | D:6      | Reached skill level 2 in Air Magic
   843 | D:6      | Reached skill level 2 in Earth Magic
   843 | D:6      | Reached skill level 2 in Poison Magic
   871 | D:8      | Noticed a hippogriff
   877 | D:8      | Killed a hippogriff
   877 | D:8      | Reached skill level 5 in Stealth
   877 | D:8      | Reached skill level 3 in Invocations
   885 | D:8      | HP: 4/51 [ice beast (3)]
   885 | D:8      | Slain by an ice beast

Skill      XL: |  1  2  3  4  5  6  7 |
---------------+----------------------+-----
Fighting       | 1 2 |  2.6
Short Blades   | 1 2 |  2.6
Long Blades    | 1 2 |  2.6
Axes           | 1 2 |  2.6
Maces & Flails | 1 2 |  2.6
Polearms       | 1 2 |  2.6
Staves         | 1 2 |  2.6
Slings         | 1 2 |  2.6
Bows           | 1 2 |  2.6
Crossbows      | 1 2 |  2.6
Throwing       | 1 2 |  2.6
Armour         | 1 2 |  2.6
Shields        | 1 2 |  2.6
Unarmed Combat | 1 2 |  2.6
Spellcasting   | 5 |  5.7
Invocations    | 1 2 3 |  3.0
Evocations     | 1 2 |  2.6
Conjurations   | 1 2 |  2.1
Hexes          | 1 2 |  2.1
Charms         | 1 2 |  2.1
Summonings     | 1 2 |  2.1
Translocations | 1 2 |  2.1
Transmutations | 1 2 |  2.1
Fire Magic     | 1 2 |  2.1
Ice Magic      | 1 2 |  2.1
Air Magic      | 1 2 |  2.1
Earth Magic    | 1 2 |  2.1
Poison Magic   | 1 2 |  2.1
Dodging        | 5 |  5.3
Stealth        | 5 |  5.0
Necromancy     | |  7.4

Action                   |  1- 3 |  4- 6 |  7- 9 || total
-------------------------+-------+-------+-------++-------
Melee: Falchion          |     8 |    51 |    15 ||    74
       Bite              |     1 |     6 |     3 ||    10
       Punch             |       |     1 |       ||     1
 Cast: Pain              |    28 |    14 |       ||    42
       Regeneration      |     2 |     6 |     2 ||    10
       Borgnjor's Vile C |       |     1 |     1 ||     2
  Use: Potion            |     1 |     3 |     3 ||     7
       Scroll            |       |     1 |     1 ||     2
 Stab: Sleeping          |       |       |     1 ||     1
  Eat: Chunk             |       |       |     2 ||     2
Armor: Robe              |     1 |     7 |     1 ||     9
Dodge: Dodged            |     6 |    38 |    17 ||    61
       Rpst.: Falchion   |     2 |    13 |     3 ||    18

Table legend:
 A = Turns spent in this place as a percentage of turns spent in the entire game.
 B = Non-inter-level travel turns spent in this place as a percentage of non-inter-level travel turns spent in the entire game.
 C = Inter-level travel turns spent in this place as a percentage of turns spent in this place.
 D = Turns resting spent in this place as a percentage of non-inter-level travel turns spent in this place.
 E = Turns spent auto-exploring this place as a percentage of non-inter-level travel turns spent in this place.
 F = Non-inter-level travel turns spent in this place divided by the number of levels of this place that you've seen.
                   A       B       C       D       E      F
               +-------+-------+-------+-------+-------+----------------------
         Total | 100.0 | 100.0 |   1.9 |   0.0 |   0.0 |  96.4
       Dungeon |  95.7 |  97.6 |   0.0 |   0.0 |   0.0 | 105.9
        Temple |   4.3 |   2.4 |  44.7 |   0.0 |   0.0 |  21.0
               +-------+-------+-------+-------+-------+----------------------

Table legend:
 A = Kills in this place as a percentage of kills in entire the game.
 B = Kills by you in this place as a percentage of kills by you in the entire game.
 C = Kills by friends in this place as a percentage of kills by friends in the entire game.
 D = Other kills in this place as a percentage of other kills in the entire game.
 E = Experience gained in this place as a percentage of experience gained in the entire game.
 F = Experience gained in this place divided by the number of levels of this place that you have seen.
                   A       B       C       D       E      F
               +-------+-------+-------+-------+-------+----------------------
         Total | 100.0 | 100.0 |   N/A |   N/A | 100.0 | 121.1
       Dungeon | 100.0 | 100.0 |   N/A |   N/A | 100.0 | 136.2
               +-------+-------+-------+-------+-------+----------------------

Vault maps used:
D:1:      grunt_arrival_lava_bath, okawaru_ov_weapons_minmay
D:2:      old_standard_altar, ashenzari_conservatory_becter,
          makhleb_heckhound_becter, nicolae_overflow_hidden_temple
D:3:      lemuel_round_altar, lemuel_crystal_altar
D:4:      marbit_many_paths, lemuel_round_altar, overflow_temple_1_default,
          temple_statues, first_ration
D:5:      lemuel_doored_altar
D:6:      lemuel_round_altar, nemelex_xobeh_ov_fountains_minmay,
          nicolae_tso_swordbearing_angel
D:7:      grunt_ogre_cave
D:8:      uniq_gastronok, uniq_prince_ribbit1, uniq_grum
Temple:   corrupted_temple
